 Seeded DCSS version 0.27.1-35-g4d5d836560 (webtiles) character file.

Game seed: 20220127 (custom seed)

56 jessy the Covered (level 3, 0/33 HPs)
             Began as a Minotaur Fighter on Jan 27, 2022.
             Was a Follower of Uskayaw.
             Succumbed to a goblin's poison
             ... on level 2 of the Dungeon on Apr 14, 2022.
             The game lasted 00:10:27 (2766 turns).

jessy the Covered (Minotaur Fighter)                Turns: 2766, Time: 00:10:28

Health: 0/33       AC:  8    Str: 21    XL:     3   Next: 71%
Magic:  2/2        EV:  7    Int:  5    God:    Uskayaw [*.....]
Gold:   70         SH:  9    Dex:  9    Spells: 2/2 levels left

rFire    . . .     SeeInvis .   o - +0 morningstar (protect)
rCold    . . .     Faith    .   c - +0 kite shield
rNeg     . . .     Spirit   .   b - +0 scale mail
rPois    .         Reflect  .   (helmet restricted)
rElec    .         Harm     .   (no cloak)
rCorr    .         Rampage  .   (no gloves)
Will     .....                  l - +0 pair of boots
Stlth    ..........             (no amulet)
HPRegen  0.11/turn              (no ring)
MPRegen  0.08/turn              (no ring)

@: lethally poisoned (0 -> -27)
A: horns 2, retaliatory headbutt
a: Renounce Religion, Stomp


You were on level 2 of the Dungeon.
You worshipped Uskayaw.
Uskayaw was noncommittal.
You visited 1 branch of the dungeon, and saw 2 of its levels.

You collected 70 gold pieces.

Inventory:

Hand Weapons
 a - a +0 war axe
 d - a +0 dagger
 k - a +1 dagger of electrocution
 o - a +0 morningstar of protection (weapon)
 r - a +0 hand axe
 s - a +0 club
 u - a +0 mace
 A - a +0 club
Missiles
 f - 29 stones
 j - 17 arrows
 m - 8 atropa-tipped darts (quivered)
 q - 2 throwing nets
 t - 2 silver javelins
 w - 19 sling bullets
Armour
 b - a +0 scale mail (worn)
 c - a +0 kite shield (worn)
 l - a +0 pair of boots (worn)
 p - a +0 ring mail
 v - a +0 robe
 x - a +0 leather armour
 y - a +0 ring mail
Scrolls
 e - a scroll of noise {unknown}
 g - 2 scrolls of enchant armour {unknown}
 h - 2 scrolls of identify {unknown}
 i - 3 scrolls of enchant weapon {unknown}
 n - a scroll of magic mapping {unknown}
Potions
 z - a potion of heal wounds {unknown}


   Skills:
 + Level 4.2 Fighting
 + Level 3.0(3.1) Axes
 + Level 0.3(1.9) Maces & Flails
 + Level 4.3 Armour
 + Level 0.2 Dodging
 + Level 0.7 Stealth
 + Level 4.0 Shields


You had 2 spell levels left.
You didn't know any spells.
Your spell library was empty.

Dungeon Overview and Level Annotations

Branches:
Dungeon (2/15)

Altars:
Uskayaw
Xom

Shops:
D:1 =   D:2 !


Innate Abilities, Weirdness & Mutations

You have a pair of horns on your head.
You reflexively headbutt those who attack you in melee.


Message History

A goblin comes into view. It is wielding a +0 dagger.
A goblin comes into view. It is wielding a +0 club.
You see here 12 gold pieces.
You now have 70 gold pieces (gained 12).
The goblin shouts! x2; You hear a shout! x3
A goblin comes into view. It is wielding a +0 dagger. x2
The goblin shouts!
A goblin comes into view. It is wielding a +0 club.
A goblin comes into view. It is wielding a +0 dagger.
The goblin hits you but does no damage.
You closely miss the goblin. Your headbutt misses the goblin.
You block the goblin's attack. The goblin closely misses you.
You puncture the goblin!
Your weapon exudes an aura of protection.
You kill the goblin!
The goblin hits you but does no damage. You block the goblin's attack.
You closely miss the goblin. The goblin hits you but does no damage.
The goblin hits you with a +0 dagger. You block the goblin's attack.
You miss the goblin. You headbutt the goblin.
The goblin is moderately wounded.
The goblin hits you but does no damage.
You are poisoned.
The goblin barely misses you. You furiously retaliate!
You headbutt the goblin.
You kill the goblin!
The goblin hits you with a +2 dagger of venom.
You closely miss the goblin. Your headbutt misses the goblin.
You feel very sick. The goblin hits you with a +0 club.
You block the goblin's attack.
The goblin hits you with a +2 dagger of venom.
You are more poisoned.
The goblin barely misses you. You block the goblin's attack.
You barely miss the goblin.
You feel extremely sick.
The goblin hits you with a +2 dagger of venom.
You are more poisoned.
You block the goblin's attack. The goblin hits you with a +0 club.
* * * LOW HITPOINT WARNING * * *
You barely miss the goblin. You headbutt the goblin.
You kill the goblin!
You die...

####### ##########.....##########
.............gg)@g.......
########.......gg#######.########
#........g# ........# #.........#
#########.# ## #.........##.
........... #.#### #............
#####.... #....# #.........###
#.... ##...###.........# #....
...#...#.........# #...≈


You could see 6 goblins.

Vanquished Creatures
  An adder (D:2)
  3 worms (D:2)
  A bat zombie (D:2)
  An endoplasm (D:2)
  2 giant cockroaches
  7 goblins
  5 hobgoblins
  4 jackals
  A quokka (D:1)
  4 ball pythons
  A bat (D:2)
  A frilled lizard (D:2)
  3 kobolds
  A quokka skeleton (D:2)
  A rat (D:2)
36 creatures vanquished.

Vanquished Creatures (others)
  5 withered plants (D:2)
5 creatures vanquished.

Grand Total: 41 creatures vanquished

Notes
Turn   | Place    | Note
-------+----------+-------------------------------------------
     0 | D:1      | jessy the Minotaur Fighter began the quest for the Orb.
     0 | D:1      | Reached XP level 1. HP: 19/19 MP: 0/0
   236 | D:1      | Found Buffam's Jewellery Emporium.
   300 | D:1      | Found a faded altar of an unknown god.
   308 | D:1      | Became a worshipper of Uskayaw the Reveller
   308 | D:1      | Reached * piety under Uskayaw
   333 | D:1      | Reached XP level 2. HP: 9/27 MP: 1/1
   334 | D:1      | Reached ** piety under Uskayaw
  1705 | D:2      | Reached *** piety under Uskayaw
  1707 | D:2      | Reached XP level 3. HP: 15/33 MP: 2/2
  1888 | D:2      | Found Cuira's Distillery.
  2081 | D:2      | Found a shimmering altar of Xom.
  2151 | D:2      | Upgraded the game from 0.27.1-34-g3ba077fa99 to
                  | 0.27.1-35-g4d5d836560
  2766 | D:2      | Succumbed to a goblin's poison

Illustrated notes

Levels and vault maps discovered:
D:1:      onia_arrival_mini_spirals, layout_basic, serial_shops, shop,
          dreamdust_ecumenical_altar_angels_and_demons
D:2:      minmay_general_purpose_star, layout_rooms, basic_altar, serial_undead,
          serial_undead_b, serial_undead_b, serial_undead_f, serial_undead_e,
          serial_shops, shop, minmay_tree_intersection, uniq_robin

Skill      XL: |  1  2  3 |
---------------+----------+-----
Fighting       | 4 |  4.2
Armour         | 4 |  4.3
Axes           | 3 |  3.0
Shields        | 4 |  4.0
Maces & Flails | |  0.3
Dodging        | |  0.2
Stealth        | |  0.7

Action                   || total
-------------------------++-------
Melee: War axe           ||    51
       Headbutt          ||    13
       Morningstar       ||    42
Throw: Stone             ||     1
  Use: Potion            ||     1
 Stab: Paralysed         ||     2
Armor: Scale mail        ||    68
Dodge: Dodged            ||    33
Block: Kite shield       ||    54
